TOP OF THE 1ST |
Trois-Riveres Aigles batting - Pitching for New Jersey Devils : LHP Adam Howell
|
Pitching: LHP Adam Howell
|
|
Batting: SHB Josif Popovski
|
0-0: Ball 1-0: Called Strike 1-1: Ball 2-1: Swinging Strike 2-2: Foul Ball, location: 2F 2-2: Ball 3-2: Strikes out swinging
|
Batting: RHB Micah Logan
|
0-0: Reached on error, E4 (Groundball, 4, EV 94.4 MPH)
|
Batting: RHB Alistair Holmes
|
0-0: Called Strike 0-1: Swinging Strike 0-2: Foul Ball, location: 2F 0-2: Grounds into double play, 4-6-3 (Groundball, 4M, EV 101.2 MPH)
|
Top of the 1st over - 0 runs, 0 hits, 1 error, 0 left on base; Trois-Riveres 0 - New Jersey 0 |
BOTTOM OF THE 1ST |
New Jersey Devils batting - Pitching for Trois-Riveres Aigles : RHP Benedict Cucumberpatch
|
Pitching: RHP Benedict Cucumberpatch
|
|
Batting: RHB Sergio Andrada
|
0-0: Ball 1-0: Ball 2-0: Called Strike 2-1: Foul Ball, location: 2F 2-2: Ground out 6-3 (Groundball, 6, EV 107.5 MPH)
|
Batting: RHB Oscar Ramirez
|
0-0: Ball 1-0: Ball 2-0: Ground out 6-3 (Groundball, 6S, EV 93.8 MPH)
|
Batting: SHB Ernesto Mazas
|
0-0: Called Strike 0-1: Ball 1-1: SOLO HOME RUN (Flyball, 89XD, EV 102.5 MPH), Distance : 399 ft
|
Batting: SHB Danny Tapia Jr.
|
0-0: Swinging Strike 0-1: Foul Ball, location: 2F 0-2: Strikes out looking
|
Bottom of the 1st over - 1 run, 1 hit, 0 errors, 0 left on base; Trois-Riveres 0 - New Jersey 1 |
TOP OF THE 2ND |
Trois-Riveres Aigles batting - Pitching for New Jersey Devils : LHP Adam Howell
|
Batting: RHB Christopher Arnett
|
0-0: Ball 1-0: Foul Ball, location: 2F 1-1: Ground out 4-3 (Groundball, 4, EV 86.2 MPH)
|
Batting: RHB George Connell
|
0-0: Swinging Strike 0-1: Ball 1-1: Ground out 6-3 (Groundball, 56, EV 78.1 MPH)
|
Batting: RHB Danny Mota
|
0-0: Foul Ball, location: 2F 0-1: Ball 1-1: Ball 2-1: Ball 3-1: Fly out, F7 (Flyball, 7D, EV 102.5 MPH)
|
Top of the 2nd over - 0 runs, 0 hits, 0 errors, 0 left on base; Trois-Riveres 0 - New Jersey 1 |
BOTTOM OF THE 2ND |
New Jersey Devils batting - Pitching for Trois-Riveres Aigles : RHP Benedict Cucumberpatch
|
Batting: LHB Rodolfo Alvarez
|
0-0: Ball 1-0: Ball 2-0: Ball 3-0: Base on Balls
|
Batting: RHB Frank Pinksen
|
0-0: Ball 1-0: Fielders Choice at 2nd, 6-4 (Groundball, 56, EV 79.4 MPH)
|
Batting: RHB Ted Hickey
|
0-0: Swinging Strike 0-1: Called Strike 0-2: Foul Ball, location: 2F 0-2: Strikes out swinging
|
Batting: RHB Torsten Hodensack
|
0-0: Swinging Strike 0-1: Swinging Strike 0-2: Ball 1-2: Fly out, F8 (Flyball, 8LS, EV 83.8 MPH)
|
Bottom of the 2nd over - 0 runs, 0 hits, 0 errors, 1 left on base; Trois-Riveres 0 - New Jersey 1 |
TOP OF THE 3RD |
Trois-Riveres Aigles batting - Pitching for New Jersey Devils : LHP Adam Howell
|
Batting: SHB Shafeeq bin Haytham
|
0-0: Ball 1-0: Called Strike 1-1: Called Strike 1-2: Ball 2-2: Ball 3-2: Fly out, F9 (Flyball, 9, EV 82.5 MPH)
|
Batting: SHB Paul Dupuis
|
0-0: Ground out 5-3 (Groundball, 56, EV 81.2 MPH)
|
Batting: LHB Edgar Quinto
|
0-0: Ball 1-0: Ball 2-0: Called Strike 2-1: Ground out 6-3 (Groundball, 4M, EV 104.4 MPH)
|
Top of the 3rd over - 0 runs, 0 hits, 0 errors, 0 left on base; Trois-Riveres 0 - New Jersey 1 |
BOTTOM OF THE 3RD |
New Jersey Devils batting - Pitching for Trois-Riveres Aigles : RHP Benedict Cucumberpatch
|
Batting: LHB Jason Miller
|
0-0: Called Strike 0-1: SINGLE (Line Drive, 4MD, EV 98.1 MPH)
|
Batting: RHB Sergio Andrada
|
0-0: Ball 1-0: Swinging Strike 1-1: Foul Ball, location: 2F 1-2: Ball 2-2: Ball 3-2: Strikes out swinging
|
Batting: RHB Oscar Ramirez
|
0-0: Ball 1-0: Called Strike 1-1: Ball 2-1: Ball 3-1: Grounds into double play, 4-6-3 (Groundball, 34, EV 103.1 MPH)
|
Bottom of the 3rd over - 0 runs, 1 hit, 0 errors, 0 left on base; Trois-Riveres 0 - New Jersey 1 |
TOP OF THE 4TH |
Trois-Riveres Aigles batting - Pitching for New Jersey Devils : LHP Adam Howell
|
Batting: SHB Josif Popovski
|
0-0: Ball 1-0: Ball 2-0: Bunted foul 2-1: Fly out, F7 (Flyball, 78M, EV 89.4 MPH)
|
Batting: RHB Micah Logan
|
0-0: Ball 1-0: Ball 2-0: Fly out, F4 (Popup, 34D, EV 45.0 MPH)
|
Batting: RHB Alistair Holmes
|
0-0: Called Strike 0-1: Called Strike 0-2: Ball 1-2: Ball 2-2: Ball 3-2: Ground out 6-3 (Groundball, 6M, EV 103.8 MPH)
|
Top of the 4th over - 0 runs, 0 hits, 0 errors, 0 left on base; Trois-Riveres 0 - New Jersey 1 |
BOTTOM OF THE 4TH |
New Jersey Devils batting - Pitching for Trois-Riveres Aigles : RHP Benedict Cucumberpatch
|
Batting: SHB Ernesto Mazas
|
0-0: Foul Ball, location: 2F 0-1: Ball 1-1: Ball 2-1: Called Strike 2-2: Ball 3-2: Base on Balls
|
Batting: SHB Danny Tapia Jr.
|
0-0: Ball 1-0: Ball 2-0: Ball 3-0: Base on Balls Ernesto Mazas to second
|
Batting: LHB Rodolfo Alvarez
|
0-0: Called Strike 0-1: Fly out, F8 (Line Drive, 8LM, EV 93.1 MPH)
|
Batting: RHB Frank Pinksen
|
0-0: Fly out, F9 (Flyball, 9, EV 80.6 MPH)
|
Batting: RHB Ted Hickey
|
0-0: Foul Ball, location: 2F 0-1: Swinging Strike 0-2: Ball 1-2: Ball 2-2: Ball 3-2: Strikes out swinging
|
Bottom of the 4th over - 0 runs, 0 hits, 0 errors, 2 left on base; Trois-Riveres 0 - New Jersey 1 |
TOP OF THE 5TH |
Trois-Riveres Aigles batting - Pitching for New Jersey Devils : LHP Adam Howell
|
Batting: RHB Christopher Arnett
|
0-0: Ball 1-0: Ball 2-0: Swinging Strike 2-1: Ball 3-1: Foul Ball, location: 2F 3-2: Base on Balls
|
Batting: RHB George Connell
|
0-0: Fly out, F9 (Flyball, 9S, EV 90.6 MPH)
|
Batting: RHB Danny Mota
|
0-0: Called Strike 0-1: Ball 1-1: Ball 2-1: Foul Ball, location: 2F 2-2: Ball 3-2: SINGLE (Groundball, 6MD, EV 105.6 MPH) Christopher Arnett to second
|
Batting: SHB Shafeeq bin Haytham
|
0-0: SINGLE (Line Drive, 89M, EV 90.6 MPH) Christopher Arnett to third Danny Mota to second
|
Batting: SHB Paul Dupuis
|
0-0: Called Strike 0-1: Ball 1-1: Foul Ball, location: 2F 1-2: Foul Ball, location: 2F 1-2: Ball 2-2: Ball 3-2: Foul Ball, location: 2F 3-2: Foul Ball, location: 2F 3-2: Base on Balls Christopher Arnett scores Danny Mota to third Shafeeq bin Haytham to second
|
Batting: LHB Edgar Quinto
|
0-0: Ball 1-0: Ball 2-0: Ball 3-0: Base on Balls Danny Mota scores Shafeeq bin Haytham to third Paul Dupuis to second
|
Batting: SHB Josif Popovski
|
0-0: Ball 1-0: Fly out, F9 (Flyball, 9, EV 85.6 MPH) Runner from 3rd tags up, SCORES, throw by RF
|
Batting: RHB Micah Logan
|
0-0: Called Strike 0-1: Ball 1-1: Ground out 6-3 (Groundball, 6MS, EV 65.6 MPH)
|
Top of the 5th over - 3 runs, 2 hits, 0 errors, 2 left on base; Trois-Riveres 3 - New Jersey 1 |
BOTTOM OF THE 5TH |
New Jersey Devils batting - Pitching for Trois-Riveres Aigles : RHP Benedict Cucumberpatch
|
Batting: RHB Torsten Hodensack
|
0-0: Foul Ball, location: 2F 0-1: Swinging Strike 0-2: Ball 1-2: Fly out, F8 (Flyball, 78S, EV 93.8 MPH)
|
Batting: LHB Jason Miller
|
0-0: Called Strike 0-1: Ball 1-1: Swinging Strike 1-2: Strikes out swinging
|
Batting: RHB Sergio Andrada
|
0-0: Ball 1-0: Ground out 4-3 (Groundball, 4, EV 82.5 MPH)
|
Bottom of the 5th over - 0 runs, 0 hits, 0 errors, 0 left on base; Trois-Riveres 3 - New Jersey 1 |
TOP OF THE 6TH |
Trois-Riveres Aigles batting - Pitching for New Jersey Devils : LHP Adam Howell
|
Batting: RHB Alistair Holmes
|
0-0: Called Strike 0-1: Ball 1-1: Ball 2-1: Ball 3-1: Foul Ball, location: 2F 3-2: Foul Ball, location: 2F 3-2: Base on Balls
|
Batting: RHB Christopher Arnett
|
0-0: Ball 1-0: Swinging Strike 1-1: Ball 2-1: Ball 3-1: Base on Balls Alistair Holmes to second
|
Batting: RHB George Connell
|
0-0: SINGLE (Line Drive, 8LS, EV 106.2 MPH) Alistair Holmes to third Christopher Arnett to second
|
Batting: RHB Danny Mota
|
0-0: Ball 1-0: Called Strike 1-1: Ball 2-1: Called Strike 2-2: Ball 3-2: Foul Ball, location: 2F 3-2: Fly out, F7 (Flyball, 7LMF, EV 84.4 MPH) Runner from 3rd tags up, SCORES, throw by LF
|
Batting: SHB Shafeeq bin Haytham
|
0-0: Called Strike 0-1: Ball 1-1: Ball 2-1: Ball 3-1: Foul Ball, location: 2F 3-2: Foul Ball, location: 2F 3-2: Foul Ball, location: 2F 3-2: Fly out, F7 (Flyball, 7LSF, EV 86.9 MPH)
|
Pitching: LHP Oscar Dominguez
|
|
Batting: SHB Paul Dupuis
|
0-0: Called Strike 0-1: Called Strike 0-2: Ball 1-2: Strikes out swinging
|
Top of the 6th over - 1 run, 1 hit, 0 errors, 2 left on base; Trois-Riveres 4 - New Jersey 1 |
BOTTOM OF THE 6TH |
New Jersey Devils batting - Pitching for Trois-Riveres Aigles : RHP Benedict Cucumberpatch
|
Batting: RHB Oscar Ramirez
|
0-0: Called Strike 0-1: Called Strike 0-2: Ball 1-2: Strikes out looking
|
Batting: SHB Ernesto Mazas
|
0-0: Called Strike 0-1: Ground out 6-3 (Groundball, 6, EV 96.9 MPH)
|
Batting: SHB Danny Tapia Jr.
|
0-0: Called Strike 0-1: Ball 1-1: DOUBLE (Line Drive, 89D, EV 107.5 MPH)
|
Pitching: RHP Joe Elder
|
|
Batting: LHB Rodolfo Alvarez
|
0-0: Ball 1-0: Ball 2-0: Foul Ball, location: 2F 2-1: Swinging Strike 2-2: Ball 3-2: Foul Ball, location: 2F 3-2: Ground out U3 (Groundball, 3L, EV 102.5 MPH)
|
Bottom of the 6th over - 0 runs, 1 hit, 0 errors, 1 left on base; Trois-Riveres 4 - New Jersey 1 |
TOP OF THE 7TH |
Trois-Riveres Aigles batting - Pitching for New Jersey Devils : LHP Oscar Dominguez
|
Batting: LHB Edgar Quinto
|
0-0: Ball 1-0: Ball 2-0: Ball 3-0: Called Strike 3-1: Base on Balls
|
Batting: SHB Josif Popovski
|
0-0: Ball 1-0: Bunted foul 1-1: Ball 2-1: Sac Bunt to 2R - play at first, batter OUT! 2-3 Edgar Quinto to second
|
Batting: RHB Micah Logan
|
0-0: Ball 1-0: Called Strike 1-1: Called Strike 1-2: Strikes out swinging
|
Batting: RHB Alistair Holmes
|
0-0: Ball 1-0: Foul Ball, location: 2F 1-1: Ball 2-1: Ground out 5-3 (Groundball, 5, EV 93.1 MPH)
|
Top of the 7th over - 0 runs, 0 hits, 0 errors, 1 left on base; Trois-Riveres 4 - New Jersey 1 |
BOTTOM OF THE 7TH |
New Jersey Devils batting - Pitching for Trois-Riveres Aigles : RHP Joe Elder
|
Batting: RHB Frank Pinksen
|
0-0: Called Strike 0-1: Fly out, F8 (Flyball, 8LM, EV 91.9 MPH)
|
Batting: RHB Ted Hickey
|
0-0: Called Strike 0-1: Ground out U3 (Groundball, 34S, EV 86.2 MPH)
|
Batting: RHB Torsten Hodensack
|
0-0: Ball 1-0: Ball 2-0: SINGLE (Groundball, 56D, EV 107.5 MPH)
|
Batting: LHB Jason Miller
|
0-0: Called Strike 0-1: Foul Ball, location: 2F 0-2: Strikes out swinging
|
Bottom of the 7th over - 0 runs, 1 hit, 0 errors, 1 left on base; Trois-Riveres 4 - New Jersey 1 |
TOP OF THE 8TH |
Trois-Riveres Aigles batting - Pitching for New Jersey Devils : LHP Oscar Dominguez
|
Batting: RHB Christopher Arnett
|
0-0: Ground out 5-3 (Groundball, 56S, EV 78.8 MPH)
|
Batting: RHB George Connell
|
0-0: Swinging Strike 0-1: Ball 1-1: Swinging Strike 1-2: Strikes out looking
|
Batting: RHB Danny Mota
|
0-0: Ball 1-0: Ball 2-0: Called Strike 2-1: Ball 3-1: Foul Ball, location: 2F 3-2: Base on Balls
|
Pitching: RHP Mike Echegoyen
|
|
Batting: SHB Shafeeq bin Haytham
|
0-0: Called Strike 0-1: Called Strike 0-2: Ball 1-2: Ball 2-2: Fly out, F9 (Flyball, 89M, EV 87.5 MPH)
|
Top of the 8th over - 0 runs, 0 hits, 0 errors, 1 left on base; Trois-Riveres 4 - New Jersey 1 |
BOTTOM OF THE 8TH |
New Jersey Devils batting - Pitching for Trois-Riveres Aigles : RHP Joe Elder
|
Batting: RHB Sergio Andrada
|
0-0: Called Strike 0-1: Ball 1-1: Ball 2-1: Ground out 4-3 (Groundball, 4M, EV 103.1 MPH)
|
Pinch Hitting: LHB Miguel Quizhpi
|
0-0: Ball 1-0: Ball 2-0: Called Strike 2-1: SINGLE (Line Drive, 34, EV 98.8 MPH)
|
Batting: SHB Ernesto Mazas
|
0-0: Fielders Choice at 2nd, 3-6 (Groundball, 3, EV 84.4 MPH)
|
Batting: SHB Danny Tapia Jr.
|
0-0: Ball 1-0: Fly out, F8 (Flyball, 8LD, EV 92.5 MPH)
|
Bottom of the 8th over - 0 runs, 1 hit, 0 errors, 1 left on base; Trois-Riveres 4 - New Jersey 1 |
TOP OF THE 9TH |
Trois-Riveres Aigles batting - Pitching for New Jersey Devils : RHP Mike Echegoyen
|
Now at SS: Ivan Murillo
|
|
Batting: SHB Paul Dupuis
|
0-0: Reached on error, E9 (Line Drive, 89M, EV 105.6 MPH)
|
Pinch Hitting: SHB Derek Weaver
|
0-0: Swinging Strike 0-1: Ball 1-1: Ball 2-1: Fly out, F5 (Popup, 5, EV 75.6 MPH)
|
Batting: SHB Josif Popovski
|
0-0: Called Strike 0-1: Called Strike 0-2: Ground out 4-3 (Groundball, 4, EV 90.6 MPH) Paul Dupuis to third
|
Batting: RHB Micah Logan
|
0-0: Ball 1-0: Foul Ball, location: 2F 1-1: Called Strike 1-2: Ball 2-2: Fly out, F7 (Flyball, 78S, EV 88.8 MPH)
|
Top of the 9th over - 0 runs, 0 hits, 1 error, 1 left on base; Trois-Riveres 4 - New Jersey 1 |
BOTTOM OF THE 9TH |
New Jersey Devils batting - Pitching for Trois-Riveres Aigles : RHP Joe Elder
|
Pitching: RHP Steve Rennecker
|
|
Now in LF: Derek Weaver
|
|
Pinch Hitting: SHB Adonis Jones
|
0-0: Ball 1-0: Called Strike 1-1: Called Strike 1-2: Ball 2-2: Foul Ball, location: 2F 2-2: Ball 3-2: Ground out 4-3 (Groundball, 4M, EV 109.4 MPH)
|
Pinch Hitting: RHB John Carpenter
|
0-0: Ball 1-0: Ball 2-0: Ball 3-0: Called Strike 3-1: Base on Balls
|
Pinch Hitting: LHB Tao Li
|
0-0: SINGLE (Groundball, 4MS, EV 72.5 MPH) (infield hit) John Carpenter to second
|
Pinch Hitting: LHB Joel Sandoval
|
0-0: Ball 1-0: Ball 2-0: Called Strike 2-1: Swinging Strike 2-2: Ball 3-2: Strikes out swinging
|
Batting: RHB Duk-yoon Park
|
0-0: Ball 1-0: Swinging Strike 1-1: Swinging Strike 1-2: Strikes out swinging
|
Bottom of the 9th over - 0 runs, 1 hit, 0 errors, 2 left on base; Trois-Riveres 4 - New Jersey 1 |
|